cohdb
Replays
Latest Replays
All Replays
Popular Replays
Top Player Replays
Match Explorer
How It Works
Community
CoH3 Stats
Reddit
Sign in to upload your games and track your stats! →
Sign in with Steam
Match 42937588
Unlisted
Match 42937588
Overview
Messages
Build Orders
End
Kettenkrad Recon Vehicle
Construct Infanterie Kompanie
Grenadier Squad
Grenadier Squad
Grenadier Squad
MG 42 Machine Gun Team
Infanterie Officer Quarters
Construct Panzergrenadier Kompanie
251 Medium Carrier
Pak 40 Anti-tank Gun Team
Selects Mechanized Battlegroup
Selects Raid Package
Selects StuG Assault Group
StuG Assault Group
Pioneer Squad
Selects Mobile Repair Stations
Medical Bunker
StuG Assault Group
Construct Panzer Kompanie
Selects UNKNOWN (2160084)
Panzer Officer Quarters
Selects Wespe Self-propelled Artillery
Wespe Self-propelled Artillery
RICO
Klaus The Mouth
0
0
Comments
sign in to comment!
No comments posted yet!